 Dungeon Crawl Stone Soup version 0.29.1-2-gbd0b4ee654 (webtiles) character file.

Game seed: 451698669094909279

450378 zeram the Minotaur Barricade (level 23, -12/217 HPs)
             Began as a Minotaur Fighter on Nov 16, 2022.
             Was an Initiate of Gozag.
             Killed from afar by a golden dragon (50 damage)
             ... with a bolt of fire
             ... on level 5 of the Vaults.
             The game lasted 02:08:52 (66318 turns).

zeram the Minotaur Barricade (Minotaur Fighter)    Turns: 66318, Time: 02:08:55

Health: -12/217    AC: 31    Str: 31    XL:     23   Next: 18%
Magic:  22/22      EV: 14    Int:  5    God:    Gozag
Gold:   7470       SH: 39    Dex: 17    Spells: 19/22 levels left

rFire   . . .      SeeInvis +   L - +9 demon whip (vamp)
rCold   + + .      Faith    .   l - +8 tower shield
rNeg    + + .      Spirit   .   u - +6 plate armour of Proximity {Rampage rC+}
rPois   .          Reflect  +   a - +2 hood of the Assassin {Detection Stab+ Stlth++}
rElec   .          Harm     .   w - +2 cloak
rCorr   +          Rampage  +   X - +2 pair of gloves of Defence {+Inv rCorr}
Will    +....                   x - +2 pair of boots
Stlth   ..........              n - amulet of reflection
HPRegen 0.46/turn               E - ring of see invisible
MPRegen 0.18/turn               I - ring of Prescription {rC+ rN++ rCorr Dex+6}

@: corroded, gold aura, studying 2 skills
A: horns 2, retaliatory headbutt, no potion heal 1
}: 2/15 runes: decaying, serpentine
a: Renounce Religion, Evoke Invisibility, Potion Petition, Call Merchant, Bribe
Branch


You were on level 5 of the Vaults.
You worshipped Gozag.
Gozag was greatly pleased with you.
You visited 9 branches of the dungeon, and saw 40 of its levels.
You also visited: Ossuary, Bailey, Ice Cave and Wizlab.

You collected 18995 gold pieces.
You spent 5079 gold pieces at shops.
You paid 6446 gold pieces to Gozag.

Inventory:

Hand Weapons
 z - the +6 whip of Undoing {pain, *Slow Will++ Int+3}
   (You found it on level 6 of the Dungeon)

   In the hands of one skilled in necromantic magic, it inflicts extra damage on
   living creatures.
   Int:       It affects your intelligence (+3).
   *Slow:     It may slow you when you take damage.
   Will:      It greatly increases your willpower.
 L - a +9 vampiric demon whip (weapon)
 T - the +8 arc blade {discharge, rElec}
   (You bought it in a shop on level 5 of the Dungeon)

   It occasionally unleashes powerful arcs of lightning upon striking a foe.
   These may arc to other adjacent creatures (including the wielder, but dealing
   reduced damage to them) before grounding out.
   rElec:     It insulates you from electricity.
Armour
 a - the +2 hood of the Assassin (worn) {Detection Stab+ Stlth++}
   (You bought it in a shop on level 2 of the Orcish Mines)

   It allows the wearer to sense nearby creatures.
   It allows the wearer to make particularly effective stabbing attacks against
   helpless or unaware enemies with any weapon.
   Stlth:     It makes you much more stealthy.
 j - a +0 crystal plate armour
 l - a +8 tower shield (worn)
 u - the +6 plate armour of Proximity (worn) {Rampage rC+}
   (You found it on level 4 of the Dungeon)

   rC:        It protects you from cold.
   Rampage:   It bestows one free step when moving towards enemies.
 w - a +2 cloak (worn)
 x - a +2 pair of boots (worn)
 X - the +2 pair of gloves of Defence (worn) {+Inv rCorr}
   (You bought it in a shop on level 2 of the Snake Pit)

   +Inv:      It lets you turn invisible.
   rCorr:     It protects you from acid and corrosion.
Jewellery
 c - a +6 ring of intelligence
 h - a +4 ring of evasion
 i - a ring of resist corrosion
 m - a ring of magical power
 n - an amulet of reflection (around neck)
 E - a ring of see invisible (left hand)
 I - the ring of Prescription (right hand) {rC+ rN++ rCorr Dex+6}
   (You acquired it on level 3 of the Lair of Beasts)

   [ring of dexterity]

   Dex:       It affects your dexterity (+6).
   rC:        It protects you from cold.
   rN:        It greatly protects you from negative energy.
   rCorr:     It protects you from acid and corrosion.
 O - a ring of poison resistance
 P - a +4 ring of slaying
 Z - a ring of willpower
Wands
 k - a wand of charming (26)
 v - a wand of polymorph (26)
 y - a wand of flame (61)
 F - a wand of acid (24)
 G - a wand of mindburst (19)
Scrolls
 b - 3 scrolls of brand weapon
 e - 4 scrolls of fear
 f - 6 scrolls of summoning
 o - 3 scrolls of magic mapping
 p - 12 scrolls of teleportation
 q - 3 scrolls of silence
 B - a scroll of enchant weapon
 R - a scroll of blinking
Potions
 d - 10 potions of flight
 g - 11 potions of curing
 r - 2 potions of magic
 C - 4 potions of heal wounds
 J - 8 potions of haste
 K - a potion of invisibility
 N - 5 potions of ambrosia


   Skills:
 + Level 20.6 Fighting
 + Level 18.3 Short Blades
 + Level 14.2(16.1) Axes
 + Level 12.6(15.4) Maces & Flails
 + Level 1.2(9.3) Polearms
 + Level 1.2(8.2) Staves
 + Level 21.3 Armour
 + Level 10.1 Dodging
 O Level 27 Shields
 + Level 1.1 Unarmed Combat
 + Level 2.1 Evocations


You had 19 spell levels left.
You knew the following spells:

 Your Spells              Type           Power      Damage    Failure   Level
a - Call Canine Familiar  Summ           0%         N/A       99%         3

Your spell library contained the following spells:

 Spells                   Type           Power      Damage    Failure   Level
 Beastly Appendage        Tmut           0%         N/A       89%         1
 Magic Dart               Conj           0%         1d3       89%         1
 Necrotise                Necr           0%         1d4       89%         1
 Sandblast                Erth           0%         2d4       89%         1
 Slow                     Hex            0%         N/A       89%         1
 Sting                    Tmut/Pois      0%         1d3       89%         1
 Call Imp                 Summ           0%         N/A       96%         2
 Ensorcelled Hibernation  Hex/Ice        0%         N/A       96%         2
 Passwall                 Tmut/Erth      0%         N/A       96%         2
 Poisonous Vapours        Pois/Air       0%         N/A       96%         2
 Scorch                   Fire           0%         2d5       96%         2
 Searing Ray              Conj           0%         2d4       96%         2
 Static Discharge         Conj/Air       0%         3-3/arc   96%         2
 Sublimation of Blood     Necr           0%         N/A       96%         2
 Wereblood                Tmut           0%         N/A       96%         2
 Confusing Touch          Hex            0%         N/A       99%         3
 Frozen Ramparts          Ice            0%         1d1       99%         3
 Mephitic Cloud           Conj/Pois/Air  0%         N/A       99%         3
 Portal Projectile        Hex/Tloc       0%         N/A       99%         3
 Spider Form              Tmut/Pois      0%         N/A       99%         3
 Summon Guardian Golem    Hex/Summ       0%         N/A       99%         3
 Tukima's Dance           Hex            0%         N/A       99%         3
 Vampiric Draining        Necr           0%         2d6       99%         3
 Airstrike                Air            0%         2d(0-16)  100%        4
 Anguish                  Hex/Necr       0%         N/A       100%        4
 Cause Fear               Hex            0%         N/A       100%        4
 Dispel Undead            Necr           0%         3d6       100%        4
 Flame Wave               Conj/Fire      0%         2d4       100%        4
 Fulminant Prism          Conj/Hex       0%         3d6       100%        4
 Hailstorm                Conj/Ice       0%         3d3       100%        4
 Ice Form                 Ice/Tmut       0%         N/A       100%        4
 Leda's Liquefaction      Hex/Erth       0%         N/A       100%        4
 Olgreb's Toxic Radiance  Pois           0%         N/A       100%        4
 Passage of Golubria      Tloc           0%         N/A       100%        4
 Petrify                  Tmut/Erth      0%         N/A       100%        4
 Sticky Flame             Conj/Fire      0%         2d3       100%        4
 Summon Ice Beast         Ice/Summ       0%         N/A       100%        4
 Summon Lightning Spire   Summ/Air       0%         N/A       100%        4
 Agony                    Necr           0%         N/A       100%        5
 Blade Hands              Tmut           0%         N/A       100%        5
 Fireball                 Conj/Fire      0%         3d3       100%        5
 Freezing Cloud           Conj/Ice/Air   0%         6-21      100%        5
 Irradiate                Conj/Tmut      0%         3d11      100%        5
 Iskenderun's Battlesphe  Conj           0%         2d6       100%        5
 Lee's Rapid Deconstruct  Erth           0%         3d5*      100%        5
 Lightning Bolt           Conj/Air       0%         1d11      100%        5
 Metabolic Englaciation   Hex/Ice        0%         N/A       100%        5
 Summon Mana Viper        Hex/Summ       0%         N/A       100%        5
 Yara's Violent Unravell  Hex/Tmut       0%         3d3       100%        5
 Conjure Ball Lightning   Conj/Air       0%         3x3d6     100%        6
 Death Channel            Necr           0%         N/A       100%        6
 Dispersal                Tloc           0%         N/A       100%        6
 Iron Shot                Conj/Erth      0%         9d1       100%        6
 Statue Form              Tmut/Erth      0%         N/A       100%        6
 Summon Cactus Giant      Summ           0%         N/A       100%        6
 Dragon Form              Tmut           0%         N/A       100%        7
 Haunt                    Necr/Summ      0%         N/A       100%        7
 Monstrous Menagerie      Summ           0%         N/A       100%        7
 Orb of Destruction       Conj           0%         9d5       100%        7
 Borgnjor's Revivificati  Necr           0%         N/A       100%        8
 Disjunction              Tloc           0%         N/A       100%        8
 Infestation              Necr           0%         N/A       100%        8
 Lehudib's Crystal Spear  Conj/Erth      0%         10d2      100%        8
 Necromutation            Tmut/Necr      0%         N/A       100%        8
 Death's Door             Necr           0%         N/A       100%        9
 Shatter                  Erth           0%         3d5*      100%        9
 Animate Dead             Necr           Unusable   N/A       N/A         4
 Corpse Rot               Necr/Pois/Air  Unusable   N/A       N/A         4
 Simulacrum               Ice/Necr       Unusable   N/A       N/A         6

Dungeon Overview and Level Annotations

Branches:
Dungeon (15/15)            Temple (1/1) D:5            Lair (5/5) D:8
  Swamp (4/4) Lair:3        Snake (4/4) Lair:2        Slime (0/5) Lair:4
    Orc (2/2) D:11            Elf (3/3) Orc:2        Vaults (5/5) D:14
  Crypt (0/3) Vaults:3     Depths (1/4) D:15        Ossuary (visited)
 Bailey (visited)           IceCv (visited)          WizLab (visited)

Altars:
Ashenzari
Cheibriados
Dithmenos
Elyvilon
Fedhas
Gozag
Hepliaklqana
Kikubaaqudgha
Makhleb
Nemelex Xobeh
Okawaru
Qazlal
Ru
Sif Muna
Trog
Uskayaw
Vehumet
Wu Jian
Xom
Yredelemnul
Zin
The Shining One
Jiyva

Shops:
D:5 *!:*   Orc:2 *[(*   Elf:2 =   Elf:3 (   Lair:5 (   Swamp:3 [   Snake:2 *[
Snake:3 (   Snake:4 *   Vaults:2 [   Vaults:3 ?   Vaults:4 (*

Annotations:
D:1 1 transporter
D:15 1 transporter, Yamstis's ghost, adept GnMo


Innate Abilities, Weirdness & Mutations

You have a pair of horns on your head.
You reflexively headbutt those who attack you in melee.
Potions are less effective at restoring your health.


Message History

You hear a shout!
Unknown command.
As you read the scroll of teleportation, it crumbles to dust.
You feel strangely unstable.
You block the tentacled monstrosity's attack. x2
The tentacled monstrosity tentacle-slaps you but does no damage.
The tentacled monstrosity constricts you.
* * * LOW HITPOINT WARNING * * *
The titan waves its arms in wide circles.
The air twists around and strikes you.
The tentacled monstrosity's grasp on you weakens, but your attempt to escape fails.
You block the tentacled monstrosity's attack. x2
The tentacled monstrosity tentacle-slaps you but does no damage.
The tentacled monstrosity constricts you!
* * * LOW HITPOINT WARNING * * *
You block the titan's attack.
Your system partially rejects the healing.
You feel much better.
Your surroundings suddenly seem different.
Something loses its grip on you.
A golden dragon and a vault warden come into view.
Found a scroll of teleportation, a scale mail and 26 gold pieces.
The golden dragon roars deafeningly!
You block the vault warden's attack.
The vault warden attacks as you move away!
The vault warden hits you with a +0 halberd!
* * * LOW HITPOINT WARNING * * *
Found a chain mail.
You block the vault warden's attack. The golden dragon breathes fire at you.
The bolt of fire misses you.
You see here a scroll of teleportation.
The golden dragon attacks as you move away!
You block the golden dragon's attack.
The golden dragon claws you but does no damage.
The golden dragon tramples you.
* * * LOW HITPOINT WARNING * * *
The golden dragon breathes fire at you. The bolt of fire hits you!!!
You die...
Your body crumbles into a pile of gold.

#..##...## #.
#..#.....# $ #
#..#..$..#
#..#.... #...#..
#....###########
######
#...............
......
#.....p.........
......
#.....D?@.[.....
......
#...[...........
......
#....###########
###### #.....
#..#... .
#..#...# #
#..#...#
#..#...#


You could see a golden dragon (catching breath) and a vault warden.

Vanquished Creatures
  A dread lich (Vaults:5)
  An ancient lich (Vaults:5)
  Sojobo (Vaults:4)
  Margery (Vaults:4)
  Saint Roka (Snake:2)
  Frederick (Vaults:4)
  Jory (Vaults:4)
  A bone dragon (Swamp:4)
  Rupert (D:13)
  2 deep elf blademasters (Elf:3)
  Mlioglotl (Swamp:2)
  Zenata (Vaults:1)
  An acid blob (WizLab)
  2 deep elf master archers (Elf:3)
  3 tengu reavers
  3 sphinxes
  Roxanne (D:14)
  4 nagarajas
  A thorn hunter (Swamp:3)
  3 shadow dragons
  A frost giant (Vaults:5)
  4 deep elf sorcerers
  12 vault wardens
  Aizul (Snake:3)
  2 orc warlords
  An iron dragon (Vaults:5)
  12 ironbound preservers
  7 deep elf elementalists
  3 demonspawn corrupters (WizLab)
  6 very ugly things
  9 ironbound thunderhulks
  A stone giant (WizLab)
  2 war gargoyles (Vaults:3)
  5 deep elf demonologists (Elf:3)
  6 deep elf annihilators
  3 eleionomae
  5 bunyips
  Azrael (Snake:2)
  2 entropy weavers
  7 dire elephants
  Snorg (Lair:3)
  5 deep elf death magi
  A merfolk javelineer (WizLab)
  2 shambling mangroves
  6 yaktaur captains
  A crystal guardian (Vaults:3)
  Josephine (Orc:1)
  A fire dragon (Lair:5)
  7 ettins
  4 great orbs of eyes
  3 deep elf high priests
  15 hydras
  34 vault guards
  5 salamander tyrants
  4 boulder beetles
  3 ogre magi
  12 ironbound frosthearts
  2 peacekeepers (Vaults:3)
  A caustic shrike simulacrum (IceCv)
  12 centaur warriors
  2 ghost crabs (Swamp:4)
  12 two-headed ogres
  A merfolk aquamancer (WizLab)
  A catoblepas (Lair:1)
  9 naga warriors
  8 anacondas
  42 dancing weapons
  12 alligators
  A spriggan berserker (Swamp:2)
  2 orc high priests
  3 shock serpents
  A tengu warrior (D:15)
  8 spriggans
  8 hell knights
  17 naga sharpshooters
  23 deep elf knights
  7 goliath frogs
  A shadow wraith (Vaults:4)
  A death drake (Swamp:4)
  5 salamander mystics
  4 swamp dragons
  A flayed ghost (Vaults:3)
  4 sea snakes (Snake:2)
  8 naga ritualists
  5 bog bodies
  31 deep trolls
  2 glowing orange brains
  A steelbarb worm (shapeshifter) (D:13)
  18 wizards
  A necromancer (Vaults:3)
  An orange crystal statue (IceCv)
  4 spriggan druids
  39 deep elf zephyrmancers
  12 lindwurms
  23 ironbound convokers
  4 spectral hydras (Swamp:4)
  13 deep elf archers
  A tengu skeleton (Vaults:3)
  33 deep elf pyromancers
  8 orc knights
  4 phantasmal warriors
  3 orc sorcerers
  2 oklob plants (Lair:4)
  4 cyclopes
  13 mana vipers
  4 will-o-the-wisps
  19 salamanders
  29 ugly things
  4 manticores
  3 guardian serpents
  41 black mambas
  5 worldbinders (WizLab)
  A yaktaur zombie (Vaults:3)
  3 molten gargoyles (Lair:5)
  11 naga magi
  11 cane toads
  12 vault sentinels
  2 rime drakes
  A rime drake (shapeshifter) (Elf:3)
  A cane toad (shapeshifter) (Elf:1)
  A yaktaur (shapeshifter) (Elf:1)
  30 yaktaurs
  7 kobold demonologists
  3 unseen horrors
  3 freezing wraiths
  2 swamp worm zombies (Swamp:4)
  12 komodo dragons
  4 hydra zombies (Swamp:4)
  15 trolls
  A polar bear (Lair:4)
  A bloated husk (Swamp:3)
  14 hornets
  7 tyrant leeches
  16 blink frogs
  29 slime creatures
  3 spectral swamp dragons (Swamp:4)
  5 alligator zombies (Swamp:4)
  2 shadows (D:11)
  A culicivora (Vaults:2)
  A centaur simulacrum (D:14)
  A dire elephant simulacrum (IceCv)
  A vampire (D:13)
  A culicivora (shapeshifter) (Elf:2)
  4 wraiths
  5 water elementals
  3 wyverns
  Eustachio (D:4)
  4 air elementals
  16 yaks
  16 humans
  2 golden eyes (WizLab)
  5 basilisks
  6 steam dragons
  3 fire elementals
  2 redbacks (Vaults:2)
  4 vampire mosquitoes
  55 nagas
  9 wargs
  8 swamp worms
  2 harpy simulacra (IceCv)
  2 hydra simulacra (IceCv)
  17 water moccasins
  A swamp drake (Swamp:2)
  6 hell hounds
  Duvessa (D:5)
  15 orc warriors
  3 ice beasts
  A black bear (D:4)
  3 swamp dragon zombies (Swamp:4)
  A sky beast (D:7)
  2 ettin simulacra
  25 ogres
  8 boggarts
  14 wolves
  13 centaurs
  6 phantoms
  2 elf zombies (Ossuary)
  2 kobold brigands
  8 bullfrogs
  A gnoll sergeant (D:7)
  3 scorpions
  6 earth elementals
  11 wights
  Dowan (D:5)
  A human simulacrum (Vaults:3)
  4 killer bees (D:8)
  A lindwurm simulacrum (IceCv)
  7 howler monkeys
  2 electric eels
  A centaur zombie (Ossuary)
  5 lava snakes (Lair:5)
  The ghost of funnyparkerb the Sneak, a weakling VSBr (D:4)
  5 hounds
  Crazy Yiuf (D:4)
  14 orc priests
  2 gnoll boudas
  A jelly (D:6)
  5 iguanas
  23 orc wizards
  7 hell rats (Lair:2)
  3 mummies
  24 gnolls
  A swamp drake zombie (Swamp:4)
  6 adders
  3 shadow imps
  A white imp (D:7)
  2 worms
  A dart slug (D:1)
  75 orcs
  5 bats
  3 endoplasms
  2 giant cockroaches
  17 goblins
  4 hobgoblins
  18 kobolds
  6 quokkas
  9 ball pythons
  8 frilled lizards
  3 goblin zombies (Ossuary)
  8 hobgoblin zombies (Ossuary)
  2 jackal zombies (Ossuary)
  12 kobold zombies
  10 orc zombies
  2 rats (D:1)
  A rat zombie (Ossuary)
  A spectral orc (D:4)
  4 briar patches (Swamp:3)
1559 creatures vanquished.

Vanquished Creatures (collateral kills)
  An orc warrior (Orc:1)
  An orc (Orc:1)
2 creatures vanquished.

Vanquished Creatures (others)
  2 deep elf death magi (Elf:3)
  Sonja (Orc:1)
  A deep elf zephyrmancer (Elf:1)
  7 bloated husks
  A swamp worm (Swamp:1)
  4 phantoms (Swamp:4)
  A briar patch (Swamp:3)
  29 foxfires
  22 fungi
  32 plants
100 creatures vanquished.

Grand Total: 1661 creatures vanquished

Notes
Turn   | Place    | Note
-------+----------+-------------------------------------------
     0 | D:1      | zeram the Minotaur Fighter began the quest for the Orb.
     0 | D:1      | Reached XP level 1. HP: 19/19 MP: 0/0
    51 | D:1      | Found a faded altar of an unknown god.
   239 | D:1      | Reached XP level 2. HP: 27/27 MP: 1/1
   365 | D:1      | Reached skill level 4 in Shields
  1015 | D:2      | Reached XP level 3. HP: 33/33 MP: 2/2
  1488 | D:2      | Reached XP level 4. HP: 23/40 MP: 3/3
  1934 | D:3      | Reached skill level 1 in Dodging
  2056 | D:3      | Reached XP level 5. HP: 22/47 MP: 4/4
  2523 | D:3      | Got Gaweuq's Anthology of Evil Mysteries and Summoning
  2594 | D:3      | Learned a level 3 spell: Call Canine Familiar
  3102 | D:4      | Noticed a phantom
  3111 | D:4      | Killed a phantom
  3112 | D:4      | Reached skill level 5 in Axes
  3112 | D:4      | Reached XP level 6. HP: 48/53 MP: 5/5
  3238 | D:4      | Reached skill level 5 in Armour
  3394 | D:4      | Noticed Eustachio
  3422 | D:4      | Killed Eustachio
  3423 | D:4      | Reached skill level 5 in Fighting
  3697 | D:4      | Found a runed translucent door.
  3697 | D:4      | Noticed funnyparkerb's ghost (weakling VSBr)
  3725 | D:4      | Found a runed translucent door.
  3726 | D:4      | Noticed Crazy Yiuf
  4017 | D:4      | Found a basalt altar of Yredelemnul.
  4094 | D:4      | Reached XP level 7. HP: 61/61 MP: 6/6
  4097 | D:4      | Killed funnyparkerb's ghost
  4103 | D:4      | Identified the +6 plate armour of Proximity {Rampage rC+}
  4296 | D:4      | Killed Crazy Yiuf
  4444 | D:5      | Entered Level 5 of the Dungeon
  4477 | D:5      | Found Texeobli's Vocational Training.
  4482 | D:5      | Found Hytsud's Assorted Antiques.
  4496 | D:5      | Bought a scroll of teleportation for 78 gold pieces
  4496 | D:5      | Bought a scroll of identify for 52 gold pieces
  4512 | D:5      | Noticed Duvessa
  4512 | D:5      | Noticed Dowan
  4515 | D:5      | Killed Dowan
  4524 | D:5      | Killed Duvessa
  4525 | D:5      | Reached skill level 5 in Shields
  4533 | D:5      | Reached XP level 8. HP: 52/70 MP: 7/7
  4535 | D:5      | Found Kissifaush's Distillery.
  4666 | D:5      | Found a staircase to the Ecumenical Temple.
  4711 | D:5      | Found Xoepempa's Assorted Antiques.
  4931 | D:5      | Found Uzachur's Magic Scroll Shop.
  5359 | Temple   | Entered the Ecumenical Temple
  5553 | Temple   | Became a worshipper of Gozag Ym Sagoz the Greedy
  5619 | D:6      | Found a large runed translucent door.
  5620 | D:6      | Found a large runed translucent door.
  5653 | D:6      | Identified the +6 whip of Undoing {pain, *Slow Will++
                  | Int+3}
  5671 | D:6      | Found a sand-covered staircase.
  5680 | Ossuary  | Entered an ossuary
  6469 | D:6      | Reached skill level 10 in Axes
  6742 | D:6      | Reached XP level 9. HP: 78/78 MP: 8/8
  7353 | D:6      | Found a blossoming altar of Fedhas.
  7389 | D:6      | Found a bloodstained altar of Trog.
  7537 | D:7      | Reached skill level 6 in Shields
  7621 | D:7      | Found a flagged portal.
  7636 | Bailey   | Entered a bailey
  7829 | Bailey   | Noticed an orc knight
  7856 | Bailey   | Killed an orc knight
  8446 | D:7      | Reached XP level 10. HP: 88/88 MP: 9/9
  8933 | D:8      | Reached skill level 7 in Shields
  9342 | D:8      | Found a staircase to the Lair.
  9621 | D:8      | Reached skill level 10 in Armour
  9621 | D:8      | Reached skill level 9 in Shields
  9621 | D:8      | Reached XP level 11. HP: 97/97 MP: 10/10
  9622 | D:8      | Reached skill level 10 in Fighting
  9622 | D:8      | Reached skill level 10 in Shields
  9622 | D:8      | Reached XP level 12. HP: 107/107 MP: 11/11
  9698 | D:9      | Found a shadowy altar of Dithmenos.
 10090 | D:9      | Found a radiant altar of Vehumet.
 10238 | D:9      | Found a stormy altar of Qazlal.
 10507 | D:10     | Entered Level 10 of the Dungeon
 10535 | D:10     | Reached skill level 11 in Shields
 11645 | D:5      | Bought the +8 arc blade {discharge, rElec} for 1320 gold
                  | pieces
 11645 | D:5      | Found the +8 arc blade {discharge, rElec}
 11645 | D:5      | Bought a scroll labelled JIRGHYM ZOODEGO for 22 gold pieces
 12414 | D:11     | Noticed a two-headed ogre
 12419 | D:11     | Killed a two-headed ogre
 12568 | D:11     | Noticed an eight-headed hydra
 12570 | D:11     | Noticed a two-headed ogre
 12874 | D:11     | Found a staircase to the Orcish Mines.
 12879 | Orc:1    | Entered Level 1 of the Orcish Mines
 12907 | Orc:1    | Noticed Sonja
 12929 | Orc:1    | Your ally Sonja died
 13239 | Orc:2    | Entered Level 2 of the Orcish Mines
 13239 | Orc:2    | Noticed an orc high priest
 13239 | Orc:2    | Found a staircase to the Elven Halls.
 13264 | Orc:1    | Reached skill level 1 in Short Blades
 13698 | Orc:2    | Killed an orc high priest
 13758 | Orc:2    | Noticed an ogre mage
 13759 | Orc:2    | Noticed a two-headed ogre
 13760 | Orc:2    | Found Sozoo's Assorted Antiques.
 13760 | Orc:2    | Noticed a two-headed ogre
 13762 | Orc:2    | Noticed a two-headed ogre
 13765 | Orc:2    | Noticed a two-headed ogre
 13766 | Orc:2    | Killed a two-headed ogre
 13766 | Orc:2    | Paralysed by an ogre mage for 5 turns
 13767 | Orc:2    | Reached skill level 12 in Shields
 13769 | Orc:2    | Noticed a two-headed ogre
 13771 | Orc:2    | Noticed a two-headed ogre
 13795 | Orc:2    | Reached XP level 13. HP: 47/116 MP: 12/12
 14233 | Orc:2    | Reached skill level 5 in Short Blades
 15159 | Orc:2    | Found Ajoune's Armour Boutique.
 15167 | Orc:2    | Found Ydaocw's Weapon Shoppe.
 15168 | Orc:2    | Found Wabriqos's Assorted Antiques.
 15231 | Orc:2    | Reached skill level 13 in Shields
 15388 | Orc:2    | Bought a scroll labelled NEITSE RYRRIKK for 28 gold pieces
 15805 | Orc:2    | Bought the +2 hood of the Assassin {Detection Stab+
                  | Stlth++} for 780 gold pieces
 15805 | Orc:2    | Found the +2 hood of the Assassin {Detection Stab+ Stlth++}
 15826 | Orc:1    | Noticed Josephine
 15839 | Orc:1    | Killed Josephine
 17024 | D:5      | Bought a scroll of enchant weapon for 105 gold pieces
 17024 | D:5      | Bought a scroll of enchant weapon for 105 gold pieces
 17024 | D:5      | Bought a scroll of brand weapon for 133 gold pieces
 17024 | D:5      | Bought a scroll of fear for 56 gold pieces
 17024 | D:5      | Bought a scroll of summoning for 133 gold pieces
 17024 | D:5      | Bought a scroll of identify for 28 gold pieces
 17024 | D:5      | Bought a scroll of enchant armour for 105 gold pieces
 17024 | D:5      | Bought a scroll of fear for 56 gold pieces
 17036 | D:5      | Bought a potion of curing for 78 gold pieces
 17036 | D:5      | Bought a wand of acid (6) for 655 gold pieces
 17055 | D:5      | Bought a potion of invisibility for 112 gold pieces
 17483 | D:12     | Gained mutation: Potions are less effective at restoring
                  | your health. [a neqoxec]
 18068 | D:13     | Reached XP level 14. HP: 98/125 MP: 13/13
 19130 | D:14     | Noticed Rupert
 19130 | D:14     | Found a gate to the Vaults.
 19526 | Elf:1    | Entered Level 1 of the Elven Halls
 20150 | D:13     | Killed Rupert
 20151 | D:13     | Reached skill level 15 in Armour
 20151 | D:13     | Reached skill level 14 in Shields
 20246 | D:13     | Reached skill level 10 in Short Blades
 20552 | D:14     | Identified the +5 mace "Geeceut" {vorpal, rElec Will+
                  | Dex-4}
 22253 | D:14     | Identified Roxanne's Codex of Stones
 22253 | D:14     | Noticed Roxanne
 22313 | D:14     | Killed Roxanne
 22453 | D:15     | Entered Level 15 of the Dungeon
 22459 | D:15     | Found a broken altar of Ashenzari.
 22480 | D:15     | Identified the +2 leather armour of Sorcery {rPois rN+}
 22730 | D:15     | Found a transporter.
 22730 | D:15     | Noticed Yamstis's ghost (adept GnMo)
 22893 | D:15     | Reached XP level 15. HP: 126/134 MP: 14/14
 23000 | D:15     | Reached skill level 15 in Shields
 23069 | D:15     | Found a staircase to the Depths.
 23178 | Depths:1 | Entered Level 1 of the Depths
 23178 | Depths:1 | Noticed a fire giant
 23178 | Depths:1 | Noticed a fire giant
 23178 | Depths:1 | Noticed a tentacled monstrosity
 23180 | Depths:1 | Noticed a fire giant
 23677 | Lair:1   | Entered Level 1 of the Lair of Beasts
 23879 | Lair:1   | Identified the +8 halberd of Daudib {antimagic, rCorr Str+2
                  | Int-5}
 23986 | Lair:1   | Got the Reference Book on the Vexing Compass
 24774 | Lair:2   | Found a staircase to the Snake Pit.
 24829 | Lair:2   | Identified a scroll of acquirement
 25681 | Lair:3   | Found a staircase to the Swamp.
 25801 | Lair:3   | Noticed Snorg
 25813 | Lair:3   | Killed Snorg
 26331 | Lair:3   | Acquired the ring of Prescription {rC+ rN++ rCorr Dex+6}
 26682 | Lair:4   | Found a viscous altar of Jiyva.
 26683 | Lair:4   | Found a staircase to the Slime Pits.
 27085 | Lair:4   | Found a broken altar of Ashenzari.
 27394 | Lair:5   | Entered Level 5 of the Lair of Beasts
 27646 | Lair:5   | Reached skill level 16 in Shields
 28512 | Lair:5   | Found a large runed translucent door.
 28828 | Lair:5   | Found a large runed translucent door.
 29585 | Snake:1  | Entered Level 1 of the Snake Pit
 29874 | Snake:1  | Found a frozen archway.
 29889 | IceCv    | Entered an ice cave
 29903 | IceCv    | Found a transporter.
 30133 | IceCv    | Found a transporter.
 30148 | IceCv    | Reached XP level 16. HP: 139/145 MP: 4/15
 30151 | IceCv    | Identified the ring "Imexussi" {Ice Drain rElec rN++ rCorr}
 31634 | Snake:2  | Noticed Azrael
 31639 | Snake:2  | Reached skill level 17 in Shields
 31659 | Snake:2  | Killed Azrael
 32614 | Snake:2  | Noticed Saint Roka
 32634 | Snake:2  | Killed Saint Roka
 33721 | Snake:2  | Found Zinour's Antique Armour Emporium.
 33904 | Snake:2  | Bought a pair of heavily runed gloves for 304 gold pieces
 33904 | Snake:2  | Identified the +2 pair of gloves of Defence {+Inv rCorr}
                  | (You bought it in a shop on level 2 of the Snake Pit)
 34859 | Snake:3  | Reached skill level 18 in Shields
 34942 | Snake:3  | Acquired 821 gold pieces
 34988 | Snake:3  | Noticed Aizul
 35004 | Snake:3  | Killed Aizul
 35215 | Snake:3  | Found Rinnam's Weapon Emporium.
 35995 | Snake:3  | Found an ornate altar of the Wu Jian Council.
 36185 | Snake:3  | Reached skill level 15 in Fighting
 36683 | Snake:3  | Reached XP level 17. HP: 151/156 MP: 16/16
 36785 | Snake:4  | Entered Level 4 of the Snake Pit
 37515 | Snake:4  | Reached skill level 19 in Shields
 37520 | Snake:4  | Reached skill level 15 in Short Blades
 38154 | Snake:4  | Found Oruboor's Mayhem Merchandise.
 38738 | Snake:4  | Got a serpentine rune of Zot
 39267 | Snake:4  | Acquired a manual of Axes
 39446 | Swamp:1  | Entered Level 1 of the Swamp
 41553 | Swamp:2  | Reached skill level 20 in Shields
 41648 | Swamp:2  | Noticed Mlioglotl
 41667 | Swamp:2  | Killed Mlioglotl
 41909 | Swamp:2  | You fall into a shaft and drop 1 floor!
 43284 | Swamp:2  | Reached skill level 1 in Evocations
 43628 | Swamp:2  | Reached XP level 18. HP: 129/166 MP: 17/17
 44168 | Swamp:4  | Entered Level 4 of the Swamp
 44746 | Swamp:3  | HP: 7/166 [poison (poison gas)]
 45236 | Swamp:4  | Reached skill level 21 in Shields
 45813 | Swamp:4  | Identified the +1 robe of Resonance {rN+}
 46724 | Swamp:3  | Bought an emerald-encrusted plate armour for 728 gold
                  | pieces
 46724 | Swamp:3  | Identified the +0 plate armour of Claustrophobia {rN+ Str-2
                  | Stlth+} (You bought it in a shop on level 3 of the Swamp)
 47017 | Swamp:4  | Noticed a bone dragon
 47048 | Swamp:4  | Killed a bone dragon
 47197 | Swamp:4  | Got a decaying rune of Zot
 48124 | Elf:1    | Reached skill level 22 in Shields
 48334 | Elf:1    | Paralysed by an air elemental for 1 turns
 50413 | Elf:2    | Reached skill level 23 in Shields
 50413 | Elf:2    | Reached XP level 19. HP: 169/174 MP: 18/18
 50667 | Elf:2    | Found a runed translucent gate.
 50668 | Elf:2    | Found a runed translucent gate.
 50668 | Elf:2    | Found a runed translucent gate.
 51674 | Elf:3    | Entered Level 3 of the Elven Halls
 51900 | Elf:3    | Reached skill level 24 in Shields
 51910 | Elf:3    | Identified the +6 rapier "Beopoikku" {speed, Int+2}
 54709 | Elf:3    | Got the Lessons on the Dusty Snake
 54854 | Elf:3    | Got Opsiczer's Exposition on Intoxication and Bedrock
 54887 | Elf:3    | Got the Compendium of the Quahog
 54892 | Elf:3    | Got The Occult Continued
 54893 | Elf:3    | Identified the ring "Loeff" {MP+9 Int+6}
 55252 | Vaults:1 | Entered Level 1 of the Vaults
 55295 | Vaults:1 | Reached skill level 25 in Shields
 55458 | Vaults:1 | Reached XP level 20. HP: 167/184 MP: 19/19
 56945 | Vaults:1 | Noticed Zenata
 56949 | Vaults:1 | Killed Zenata
 57681 | Vaults:2 | Found Wan Pyal's Armour Emporium.
 58130 | Vaults:2 | Reached skill level 26 in Shields
 59631 | Vaults:3 | Found a magical portal.
 59656 | WizLab   | Entered Alistair's Party Mansion
 60532 | WizLab   | Noticed a golden dragon
 60532 | WizLab   | Noticed a golden dragon
 60540 | WizLab   | Reached XP level 21. HP: 162/195 MP: 20/20
 61048 | Vaults:3 | Acquired a manual of Short Blades
 61345 | Vaults:3 | Found Caycvos's Magic Scroll Shop.
 61353 | Vaults:3 | Bought a scroll of teleportation for 39 gold pieces
 61353 | Vaults:3 | Bought a scroll of teleportation for 39 gold pieces
 61353 | Vaults:3 | Bought a scroll of summoning for 123 gold pieces
 61394 | Vaults:3 | Reached skill level 27 in Shields
 62073 | Vaults:3 | Found an ancient bone altar of Kikubaaqudgha.
 62111 | Vaults:3 | Reached skill level 1 in Maces & Flails
 62246 | Vaults:3 | Found a staircase to the Crypt.
 62246 | Vaults:3 | Found a basalt altar of Yredelemnul.
 63065 | Vaults:4 | Reached skill level 5 in Maces & Flails
 63187 | Vaults:4 | Found Haolei Pits's Antique Weapon Emporium.
 63215 | Vaults:4 | Noticed Sojobo
 63230 | Vaults:4 | Paralysed by an air elemental for 1 turns
 63239 | Vaults:4 | Paralysed by an air elemental for 1 turns
 63241 | Vaults:4 | Paralysed by an air elemental for 1 turns
 63253 | Vaults:4 | HP: 5/199 [deep troll[an ironbound preserver] (9)]
 63681 | Vaults:4 | Paralysed by an air elemental for 1 turns
 63689 | Vaults:4 | Paralysed by an air elemental for 1 turns
 63693 | Vaults:4 | Paralysed by an air elemental for 1 turns
 63703 | Vaults:4 | Killed Sojobo
 63857 | Vaults:4 | Noticed Frederick
 63860 | Vaults:4 | Noticed Margery
 63885 | Vaults:4 | Killed Frederick
 64197 | Vaults:4 | Killed Margery
 64449 | Vaults:4 | Noticed Jory
 64487 | Vaults:4 | Killed Jory
 64818 | Vaults:4 | Reached skill level 10 in Maces & Flails
 65191 | Vaults:4 | Reached skill level 1 in Polearms
 65191 | Vaults:4 | Reached skill level 1 in Staves
 65191 | Vaults:4 | Reached skill level 10 in Dodging
 65191 | Vaults:4 | Reached skill level 1 in Unarmed Combat
 65191 | Vaults:4 | Reached XP level 22. HP: 209/209 MP: 21/21
 65613 | Vaults:5 | Entered Level 5 of the Vaults
 66037 | Vaults:5 | Reached XP level 23. HP: 216/216 MP: 22/22
 66131 | Vaults:5 | Paralysed by something for 5 turns
 66190 | Vaults:5 | Noticed a dread lich
 66242 | Vaults:5 | Paralysed by something for 5 turns
 66249 | Vaults:5 | Noticed an ancient lich
 66262 | Vaults:5 | Killed a dread lich
 66304 | Vaults:5 | Killed an ancient lich
 66318 | Vaults:5 | Killed from afar by a golden dragon

Illustrated notes

Levels and vault maps discovered:
D:1:      spicycebolla_arrival_risky_transporter, layout_loops_ring,
          shapermc_ecumenical_altar_ellora, nicolae_kite_square_tiling_tiny
D:2:      layout_basic
D:3:      layout_rooms, kennysheep_generic_room_12
D:4:      layout_basic, yredelemnul_forgotten_temple_becter,
          ebering_ghost_inner_flame, item_on_display_a, uniq_eustachio,
          uniq_crazy_yiuf_cottage
D:5:      layout_loops_ring, minmay_temple_entry_fiery, serial_shops,
          nicolae_shop_waterfront, shop, shop, nicolae_shop_statue_plus,
          nicolae_shop_vocational, uniq_duvessa
D:6:      layout_loops_ring, jmf_multi_god_temple2, serial_aquarium,
          aquarium_bridge_square [aquarium_subvault_bridge,
          aquarium_subvault_bridge, aquarium_subvault_window,
          aquarium_subvault_bridge], aquarium_window_1, aquarium_window_fake,
          aquarium_view_2c, aquarium_balcony_3a, aquarium_pool_split,
          nicolae_ossuary_entry_giza, kennysheep_minor_cross
D:7:      layout_rooms, enter_bailey_5
D:8:      layout_basic, lair_entry_dummy, hangedman_decor_points,
          hex_intersection
D:9:      layout_roguey, nicolae_overflow_crystal_walls,
          mainiacjoe_overflow_alcove_4, marbit_many_paths
D:10:     layout_cave_pods, minmay_lizard_king
D:11:     layout_cave_pods, orc_0_dummy
D:12:     layout_loops_ring, gauntlet_entry_generic
D:13:     layout_basic
D:14:     layout_layer_cave, david_vaults_3, uniq_roxanne
D:15:     hangedman_depths_entry_civil_slaughter, layout_loops_corners,
          led_sif_pool, gammafunk_ghost_stat_death, grunt_decor_one_mirror,
          nicolae_ashenzari_skybound
Temple:   eino_temple_rhombus
Lair:1:   layout_cave_pods
Lair:2:   layout_misc_corridors, minmay_snake_entry_spellcaster, minivault_11,
          lemuel_fruit_tree, infiniplex_staircase_pool
Lair:3:   layout_regular_city, swamp_mist, serial_bayou_pond_c, uniq_snorg
Lair:4:   layout_regular_city, minmay_slime_entry_oklob_enclosed, basic_altar,
          hangedman_lair_unloving_vines, lemuel_fruit_fields,
          serial_bayou_shore_a
Lair:5:   cheibrodos_lair_end_hotspot, layout_hall_layers
Swamp:1:  layout_basic_swamp, evilmike_swamp_ruin_rubble_1,
          infiniplex_staircase_pool_2
Swamp:2:  cheibrodos_swamp_heart_of_darkness, layout_falls_marsh,
          evilmike_swamp_ruin_house_1, uniq_mlioglotl
Swamp:3:  layout_basic_swamp, evilmike_swamp_ruin_house_2
Swamp:4:  swamp_pestilence, layout_basic_swamp
Snake:1:  layout_misc_corridors, portal_ice_cave_entry_pillars_four,
          grunt_megastairs_4, serial_bayou_shore_b
Snake:2:  layout_basic, serial_shops, shop, st_stairs_14,
          nicolae_snake_snake_lake, corexii_hall_statues_u,
          nicolae_snake_slithery_hallway, uniq_azrael, uniq_saint_roka
Snake:3:  layout_chambers, serial_shops, nicolae_shop_bloodbath_and_beyond,
          basic_altar, drop_trap, serial_bayou_shore_b, nicolae_triple_integral,
          uniq_aizul
Snake:4:  minmay_snake_end_coiled, layout_grid_maze, minmay_shop_mayhem
Orc:1:    layout_caves, basic_altar, library_closet, uniq_sonja, uniq_josephine
Orc:2:    st_orc_open, layout_caves, uniq_rupert
Elf:1:    elf_arrival_002, layout_gridlike,
          hangedman_elven_crosses_minicolossus, solitary_fountain,
          nicolae_elf_glass_and_crystal_pillar_2
Elf:2:    nicolae_elf_blades_crystal_corner, layout_loops_corners
Elf:3:    elf_hall, layout_gridlike, corner_web_ring
Vaults:1: nicolae_vaults_meeting, v_misc_14, hangedman_vaults_restitches,
          vaults_dpeg_cross, v_misc_27, vaults_dpeg_ring, ontoclasm_vaults_chip,
          layout_vaults_omnigrid, uniq_zenata
Vaults:2: v_alt_pattern_3, grunt_vaults_hallway_short, grunt_vaults_focal,
          nicolae_vaults_big_ls, ontoclasm_vaults_loading_screen, v_misc_13,
          vaults_room_stairs_pillars, layout_vaults_chaotic_city, serial_shops,
          nicolae_shop_hallway_stairs
Vaults:3: lightli_enter_wizlab_magi_temple, v_misc_23, v_misc_14,
          hangedman_vaults_corner, minmay_crypt_entry_necro_gods,
          hangedman_vaults_locks, v_pattern_4, v_misc_31,
          nicolae_vaults_network_star, ontoclasm_vaults_gallery, v_misc_23,
          layout_vaults_omnibox, serial_shops, nicolae_shop_statue_plus
Vaults:4: vaults_mumra_minichess_inversion, nicolae_vaults_display_case,
          ontoclasm_vaults_ring_large, vaults_room_hallway, vaults_dpeg_spiral,
          nicolae_vaults_arrows, vaults_room_fancy_cross,
          ontoclasm_vaults_loading_screen, grunt_vaults_bifocal,
          grunt_vaults_hallway_long, vaults_mumra_minichess,
          ontoclasm_vaults_decontamination, grunt_vaults_hallway_short,
          ontoclasm_vaults_fault, ontoclasm_vaults_chip,
          layout_vaults_big_cross, serial_shops, nicolae_shop_stone,
          uniq_frederick, uniq_jory, uniq_sojobo, uniq_margery
Vaults:5: serial_shops
Depths:1: layout_long_grid, enter_ziggurat_b, hell_entry,
          kennysheep_decorative_pillar, pan_entry, hangedman_decor_growths,
          evilmike_ambush [evilmike_ambush_outer_basic,
          evilmike_ambush_inner_pond], minmay_shoptagon

Skill      XL: |  1  2  3  4  5  6  7  8  9 10 11 12 13 14 15 16 17 18 19 20 21 22 23 |
---------------+----------------------------------------------------------------------+-----
Fighting       | 4 5 6 8 9 10 11 12 13 15 16 17 18 19 20 | 20.6
Shields        | 4 5 6 9 10 12 13 14 16 18 20 23 25 26 27 | 27.0
Armour         | 4 5 6 7 10 11 12 14 15 16 18 19 20 21 | 21.3
Axes           | 3 4 5 6 7 10 12 13 14 | 14.2
Dodging        | 1 2 3 6 8 9 10 | 10.1
Short Blades   | 2 8 11 13 14 15 16 17 18 | 18.3
Evocations     | 1 2 |  2.1
Maces & Flails | 10 11 12 | 12.6
Polearms       | 1 |  1.2
Staves         | 1 |  1.2
Unarmed Combat | 1 |  1.1

Action                   |  1- 3 |  4- 6 |  7- 9 | 10-12 | 13-15 | 16-18 | 19-21 | 22-24 || total
-------------------------+-------+-------+-------+-------+-------+-------+-------+-------++-------
Melee: War axe           |    72 |   142 |   386 |   169 |       |       |       |       ||   769
       Headbutt          |     8 |    15 |    61 |    52 |   236 |   382 |   567 |   135 ||  1456
       Unarmed           |       |       |     5 |       |       |       |       |       ||     5
       Rapier            |       |       |       |    82 |   942 |  1601 |  1278 |       ||  3903
       Demon whip        |       |       |       |       |       |       |   605 |   365 ||   970
Invok: Call Merchant     |       |       |       |       |     1 |     2 |     2 |     1 ||     6
Evoke: Wand              |       |       |       |     3 |     2 |     4 |     2 |       ||    11
  Use: Potion            |     1 |     4 |     5 |     3 |     5 |    10 |     8 |     1 ||    37
       Scroll            |       |     9 |    12 |    10 |    12 |    13 |    20 |     4 ||    80
 Stab: Invisible         |       |     1 |     1 |       |     2 |     3 |     4 |       ||    11
       Distracted        |       |       |       |       |     5 |    12 |    14 |     3 ||    34
Armor: Scale mail        |    38 |    52 |       |       |       |       |       |       ||    90
       Plate armour      |       |       |   165 |   190 |   335 |   339 |   301 |   115 ||  1445
Dodge: Dodged            |    38 |    79 |   193 |   170 |   344 |   365 |   273 |    76 ||  1538
Block: Buckler           |    16 |    38 |    90 |   187 |   441 |   395 |       |       ||  1167
       Reflection        |       |       |       |     6 |    29 |    87 |   102 |     3 ||   227
       Tower shield      |       |       |       |       |       |   634 |  1512 |   377 ||  2523
